AoeStats
← harooooo

Arabia

507941512Analyzed
1v1 RM · 12d ago on Sep 20, 2026· 35m 42s· 2 players
Game mode
Random Map
Map size
Tiny (2 player)
Population
200
Speed
Normal
Resources
Standard
Victory
Conquest
Starting age
Dark Age
Ending age
Imperial Age
RankedLock teamsTeams togetherTeam positionsShared explorationLock speedFull tech treeHidden civsTurbo modeCheats
Victory
Defeat
🇸🇰 Teutons · Slovakia
1980
+12
🇧🇦 Dravidians · Bosnia & Herzegovina
1894
-12
harooooo
6:55 Loom
9:17 Feudal Age
9:36 Man-at-Arms
16:58 Double-Bit Axe
23:30 Castle Age
21:45 Gold Mining
22:13 Fletching
24:09 Bodkin Arrow
27:39 Pikeman
29:26 Bow Saw
Šteuko
5:36 Loom
8:25 Feudal Age
8:56 Double-Bit Axe
17:50 Fletching
24:38 Castle Age
22:26 Town Watch
25:16 Scale Barding Armor
25:20 Bodkin Arrow
27:28 Town Watch
28:31 Bodkin Arrow
35:08 Guard Tower
Connection lost

Rejoining the realm…

Still unreachable

The connection could not be restored.

Session expired

The server has moved on; the page needs a fresh start.